 Dungeon Crawl Stone Soup version 0.28-a0-612-gcfc00ec14d (webtiles) character file.

Game seed: 12763055404445276099

111 jasper the Charlatan (level 4, -1/35 HPs)
             Began as a Demonspawn Artificer on Oct 5, 2021.
             Was a Follower of Vehumet.
             Slain by an orc (4 damage)
             ... on level 3 of the Dungeon.
             The game lasted 00:04:09 (3199 turns).

jasper the Charlatan (Demonspawn Artificer)         Turns: 3199, Time: 00:04:09

Health: -1/35      AC:  9    Str: 11 (12) XL:     4   Next: 62%
Magic:  4/4        EV: 10    Int: 11 (12) God:    Vehumet [*.....]
Gold:   83         SH:  0    Dex: 12 (15) Spells: 1/3 levels left

rFire   . . .      SeeInvis .   o - +0 morningstar
rCold   . . .      Faith    .   (no shield)
rNeg    . . .      Spirit   .   l - +0 ring mail
rPois   .          Reflect  .   (helmet restricted)
rElec   .          Harm     .   g - +0 cloak
rCorr   .          Rampage  .   p - +2 pair of gloves
Will    .....                   (no boots)
Stlth   ..........              (no amulet)
HPRegen 0.11/turn               (no ring)
MPRegen 0.09/turn               (no ring)

@: confused
A: antennae 2
a: Renounce Religion


You were on level 3 of the Dungeon.
You worshipped Vehumet.
Vehumet was aware of your devotion.
You visited 1 branch of the dungeon, and saw 3 of its levels.

You collected 83 gold pieces.

Inventory:

Hand Weapons
 a - a +0 club
 i - a +0 whip
 o - a +0 morningstar (weapon)
 q - a +2 vampiric short sword
Missiles
 f - 32 arrows
 h - 5 curare-tipped darts
 m - 62 stones (quivered)
Armour
 b - a +0 leather armour
 g - a +0 cloak (worn)
 l - a +0 ring mail (worn)
 p - a +2 pair of gloves (worn)
 s - a +0 ring mail
Wands
 d - a wand of charming (12)
Scrolls
 j - 3 scrolls of identify {unknown}
 n - 3 scrolls of torment {unknown}
 r - a scroll of fog {unknown}
Potions
 k - a potion of degeneration
Miscellaneous
 e - a piece from Xom's chessboard (15/15)


   Skills:
 - Level 3.0 Fighting
 - Level 1.7 Maces & Flails
 - Level 1.7 Armour
 - Level 0.8 Dodging
 - Level 0.8 Stealth
 + Level 1.5 Necromancy
 + Level 1.2 Ice Magic
 - Level 3.0 Evocations


You had one spell level left.
You knew the following spells:

 Your Spells              Type           Power      Damage    Failure   Level
a - Animate Skeleton      Necr           6%         N/A       41%         1
b - Freeze                Ice            8%         1d3       45%         1

Your spell library contained the following spells:

 Spells                   Type           Power      Damage    Failure   Level
 Pain                     Necr           12%        1d4       41%         1
 Vampiric Draining        Necr           1%         2d6       80%         3


Dungeon Overview and Level Annotations

Branches:
Dungeon (3/15)

Altars:
Ashenzari
Vehumet


Innate Abilities, Weirdness & Mutations

You have a pair of antennae on your head.


Message History

The orc wizard hits you with a +0 dagger.
There is an open door here.
You take 2 damage, and have 20/35 hp.
You miss the orc wizard.
The orc wizard is severely wounded.
You feel less confused.
The orc wizard points at you and mumbles some strange words.
The puff of flame hits you.
You take 6 damage, and have 14/35 hp.
Your ring mail prevents you from hitting the orc.
The orc wizard mumbles some strange words.
The orc wizard flickers and vanishes!
Deactivating autopickup; reactivate with Ctrl-A.
You hear some strange, mumbled words.
You are confused.
The orc hits you but does no damage.
You hear some strange, mumbled words.
You are more confused.
There is an open door here.
The orc hits you with a +0 hand axe.
You take 2 damage, and have 12/35 hp.
You're too confused to move!
The orc hits you but does no damage.
You hear some strange, mumbled words.
You are more confused.
You completely miss something. The orc hits you but does no damage.
Something hits you.
* * * LOW HITPOINT WARNING * * *
The orc barely misses you.
You take 3 damage, and have 9/35 hp.
A magic dart appears from out of thin air!
The magic dart hits you but does no damage.
You bump into the rock wall.
You completely miss something.
You hear some strange, mumbled words.
A puff of flame appears from out of thin air!
The puff of flame hits you!
* * * LOW HITPOINT WARNING * * *
You take 7 damage, and have 2/35 hp.
You bump into the rock wall.
The orc hits you with a +0 hand axe.
You die...

#...#...#≈.≈###.##.#.#..#
#...#...#≈≈.#...........#
#...#...#c≈≈#......#.#.##
#.#.#..@#{m{###.#..# #...
#..s#...#S{.#......#.####
#..s#...#{m≈#.#.#.##.....
#####.@.#####...#.......
##....# #.o<#...###
#....# #@{.'.....# ####.#
#...#.#.#.# #)#
#...#.#.#[#
##'#######)#.#.#
#...######.#...#.#
#....){...........
#.....o...........
#.................
#.........########


You could see an orc.

Vanquished Creatures
  3 adders
  A worm (D:3)
  A dart slug (D:1)
  An orc (D:3)
  10 endoplasms
  A giant cockroach (D:1)
  3 goblins (D:1)
  7 hobgoblins
  2 quokkas
  5 ball pythons
  6 bats
  5 frilled lizards
  6 kobolds
  A rat (D:3)
52 creatures vanquished.

Vanquished Creatures (others)
  Terence (D:3)
  An orc (D:3)
  2 plants (D:1)
4 creatures vanquished.

Grand Total: 56 creatures vanquished

Notes
Turn   | Place    | Note
-------+----------+-------------------------------------------
     0 | D:1      | jasper the Demonspawn Artificer began the quest for the
                  | Orb.
     0 | D:1      | Reached XP level 1. HP: 15/15 MP: 1/1
    21 | D:1      | You fall into a shaft and drop 1 floor!
   285 | D:1      | Gained mutation: You have a pair of small antennae on your
                  | head. [demonic ancestry]
   285 | D:1      | Reached XP level 2. HP: 16/22 MP: 2/2
  1081 | D:1      | Gained mutation: You have a pair of antennae on your head.
                  | [demonic ancestry]
  1081 | D:1      | Reached XP level 3. HP: 25/29 MP: 3/3
  1699 | D:2      | Learned a level 1 spell: Animate Skeleton
  1892 | D:2      | Reached skill level 1 in Maces & Flails
  2114 | D:2      | Found a faded altar of an unknown god.
  2122 | D:2      | Became a worshipper of Vehumet
  2122 | D:2      | Reached * piety under Vehumet
  2122 | D:2      | Offered knowledge of Freeze by Vehumet.
  2125 | D:2      | Learned a level 1 spell: Freeze
  2672 | D:3      | Reached XP level 4. HP: 35/35 MP: 4/4
  2808 | D:3      | Reached skill level 1 in Necromancy
  2841 | D:3      | Found a broken altar of Ashenzari.
  2845 | D:3      | Saw a vision of the Shoals and the Spider Nest.
  2845 | D:3      | Noticed a sea snake
  2845 | D:3      | Noticed a centaur
  2845 | D:3      | Noticed a scorpion
  2845 | D:3      | Noticed a redback
  2845 | D:3      | Noticed a merfolk
  2845 | D:3      | Noticed a sea snake
  2845 | D:3      | Noticed a merfolk
  2853 | D:3      | Noticed Terence
  2910 | D:3      | Your ally died
  2911 | D:3      | Reached skill level 1 in Ice Magic
  3199 | D:3      | Slain by an orc

Illustrated notes

Levels and vault maps discovered:
D:1:      matt_arrival_grand_opening, layout_basic, serial_bayou_ford_a
D:2:      layout_basic, ebering_ecumenical_altar_webs, minmay_tetromino_s2
D:3:      layout_basic, grunt_ashenzari_visionary
          [grunt_ashenzari_visionary_shoals, grunt_ashenzari_visionary_spider],
          serial_glass, glass_columns_b, glass_columns_a, uniq_terence

Skill      XL: |  1  2  3  4 |
---------------+-------------+-----
Fighting       | 2 3 |  3.0
Maces & Flails | 1 |  1.7
Necromancy     | 1 |  1.5
Ice Magic      | 1 |  1.2
Armour         | |  1.7
Dodging        | |  0.8
Stealth        | |  0.8
Evocations     | |  3.0

Action                   |  1- 3 |  4- 6 || total
-------------------------+-------+-------++-------
Melee: Whip              |   106 |       ||   106
       Morningstar       |    10 |    48 ||    58
Throw: Stone             |    23 |     2 ||    25
Evoke: Wand              |    14 |     4 ||    18
       Piece from Xom's  |       |     1 ||     1
  Use: Potion            |       |     1 ||     1
 Stab: Paralysed         |       |     1 ||     1
Armor: Leather armour    |    23 |       ||    23
       Ring mail         |    10 |    51 ||    61
Dodge: Dodged            |    81 |    55 ||   136

Table legend: (Time is in decaauts)
 A = Elapsed time spent in this place.
 B = Non-inter-level travel time spent in this place.
 C = Inter-level travel time spent in this place.
 D = Time resting spent in this place.
 E = Time spent auto-exploring this place.
 F = Levels seen in this place.
 G = Mean time per level.
                   A        B        C        D        E       F      G
               +--------+--------+--------+--------+--------+-----+--------+
         Total |   3253 |   3114 |    139 |    506 |   1928 |   3 | 1084.3 |
       Dungeon |   3253 |   3114 |    139 |    506 |   1928 |   3 | 1084.3 |
               +--------+--------+--------+--------+--------+-----+--------+

Top non-repeatable levels by time:
     D:1: 1488 daAuts
     D:2: 1333 daAuts
     D:3: 431 daAuts
